[Event "Tirnavia Reti Memorial-GM 2022"]
[Site "Trnava"]
[Date "2022.08.10"]
[Round "1.1"]
[White "Stevik, Patrik"]
[Black "Malinovsky, Karel"]
[Result "0-1"]
[ECO "E05"]
[WhiteElo "2126"]
[BlackElo "2463"]
[Annotator "RC"]
[PlyCount "86"]
[EventDate "2022.08.10"]
[EventType "tourn"]
[EventCountry "SVK"]
[SourceTitle "playchess.com"]
[Source "ChessBase"]
[SourceQuality "1"]
[TimeControl "40/5400+30:1800+30"]

1. d4 d5 2. c4 e6 3. Nf3 Nf6 4. g3 Be7 5. Bg2 O-O 6. O-O dxc4 7. Qc2 b5 8. a4 Bb7 9. axb5 a6 10. Nc3 axb5 11. Rxa8 Bxa8 12. Nxb5 Bd5 13. Nc3 Na6 14. e4 Bb7 15. Bg5 c5 16. Rd1 cxd4 17. Rxd4 Qa8 18. Bxf6 gxf6 19. Rxc4 Nb4 20. Qa4 Qxa4 21. Nxa4 Rb8 22. Nd4 Bf8 23. h4 Nd3 24. Rc3 Ne1 25. Bf1 Rd8 26. Nf3 Rd1 27. Nxe1 Rxe1 28. Re3 Ra1 29. Nc3 Ba6 30. Re2 Bb4 31. Kg2 Bxc3 32. bxc3 Rc1 33. Re1 Rxe1 34. Bxa6 Rxe4 35. Bd3 Re1 36. Kf3 h6 37. c4 Kf8 38. Kf4 Ke7 39. Be4 f5 40. Bf3 Kf6 41. Bb7 Rc1 42. Ba6 Rc3 43. h5 e5# 0-1

[Event "Tirnavia Reti Memorial-GM 2022"]
[Site "Trnava"]
[Date "2022.08.10"]
[Round "1.2"]
[White "Sahidi, Samir"]
[Black "Finek, Vaclav"]
[Result "1-0"]
[ECO "D45"]
[WhiteElo "2462"]
[BlackElo "2393"]
[Annotator "RC"]
[PlyCount "143"]
[EventDate "2022.08.10"]
[EventType "tourn"]
[EventCountry "SVK"]
[SourceTitle "playchess.com"]
[Source "ChessBase"]
[SourceQuality "1"]
[TimeControl "40/5400+30:1800+30"]

1. d4 d5 2. c4 c6 3. Nc3 Nf6 4. Nf3 e6 5. e3 Bd6 6. Qc2 O-O 7. b3 Nbd7 8. Bb2 Qe7 9. Be2 b6 10. O-O Bb7 11. Rac1 Rac8 12. Rfd1 Rfd8 13. Qb1 dxc4 14. bxc4 c5 15. d5 Ne5 16. e4 Ba6 17. Nd2 Ng6 18. g3 Be5 19. Bf1 Bd4 20. Nf3 Ne5 21. Nxe5 Bxe5 22. Qc2 Bd4 23. Rd2 Ng4 24. Nd1 exd5 25. exd5 Ne5 26. Qb3 Bxb2 27. Rxb2 Bb7 28. Re2 Qf6 29. f4 Ng6 30. Nf2 Re8 31. Rce1 Rxe2 32. Rxe2 Rd8 33. h4 Nf8 34. Bh3 Bc8 35. Bxc8 Rxc8 36. Qa4 Qc3 37. Kg2 a5 38. Qb5 Qb4 39. Qa6 Rd8 40. Re7 Qb2 41. Qa7 Qf6 42. a4 h6 43. h5 Rc8 44. Qb7 Rd8 45. Re5 Rd7 46. Qc8 Rd8 47. Qg4 Rb8 48. Ne4 Qd8 49. Re8 Qc7 50. d6 Qa7 51. Re7 Rb7 52. Nf6+ Kh8 53. Qc8 Rb8 54. Qxf8+ Rxf8 55. Rxa7 gxf6 56. Rb7 Rd8 57. Rxb6 f5 58. Rc6 Kg7 59. Rxc5 Rxd6 60. Rxa5 Rd2+ 61. Kh3 Rc2 62. Rc5 Ra2 63. a5 Ra4 64. g4 fxg4+ 65. Kxg4 Kg8 66. Kf5 Kg7 67. Ke5 Ra1 68. Kd6 Kf6 69. Kc7 Ke6 70. Kb6 Kd6 71. Rd5+ Ke6 72. a6 1-0

[Event "Tirnavia Reti Memorial-GM 2022"]
[Site "Trnava"]
[Date "2022.08.10"]
[Round "1.5"]
[White "Czebe, Attila"]
[Black "Farkas, Gabor"]
[Result "0-1"]
[ECO "B47"]
[WhiteElo "2385"]
[BlackElo "2335"]
[Annotator "RC"]
[PlyCount "80"]
[EventDate "2022.08.10"]
[EventType "tourn"]
[EventCountry "SVK"]
[SourceTitle "playchess.com"]
[Source "ChessBase"]
[SourceQuality "1"]
[TimeControl "40/5400+30:1800+30"]

1. e4 c5 2. Nf3 e6 3. d4 cxd4 4. Nxd4 Nc6 5. Nc3 Qc7 6. f4 Nxd4 7. Qxd4 b6 8. Be3 Nf6 9. O-O-O Bb7 10. Kb1 Rc8 11. Qa4 Bc6 12. Bb5 Be7 13. Bxc6 Qxc6 14. Qxa7 Bc5 15. Bxc5 bxc5 16. Qa4 Qxa4 17. Nxa4 Nxe4 18. Rhe1 f5 19. c4 Ra8 20. Nb6 Ra7 21. g4 g6 22. gxf5 gxf5 23. Rg1 d6 24. Nc8 Rd7 25. Nb6 Rb7 26. Na4 Rb4 27. b3 Rxa4 28. bxa4 Nc3+ 29. Kc2 Nxd1 30. Rxd1 Kd7 31. Rg1 e5 32. Rg7+ Ke6 33. a5 Ra8 34. Rxh7 exf4 35. Kb3 Rxa5 36. Rh8 Ra7 37. Re8+ Re7 38. Rxe7+ Kxe7 39. Kc3 f3 40. Kd2 d5 0-1

[Event "Tirnavia Reti Memorial-GM 2022"]
[Site "Trnava"]
[Date "2022.08.11"]
[Round "2.1"]
[White "Malinovsky, Karel"]
[Black "Farkas, Gabor"]
[Result "1-0"]
[ECO "C81"]
[WhiteElo "2463"]
[BlackElo "2335"]
[Annotator "RC"]
[PlyCount "99"]
[EventDate "2022.08.10"]
[EventType "tourn"]
[EventCountry "SVK"]
[SourceTitle "playchess.com"]
[Source "ChessBase"]
[SourceQuality "1"]
[TimeControl "40/5400+30:1800+30"]

1. e4 e5 2. Nf3 Nc6 3. Bb5 a6 4. Ba4 Nf6 5. O-O Nxe4 6. d4 b5 7. Bb3 d5 8. dxe5 Be6 9. Qe2 Be7 10. Rd1 O-O 11. c4 bxc4 12. Bxc4 Bc5 13. Be3 Bxe3 14. Qxe3 Qb8 15. Bb3 Na5 16. Nbd2 Qa7 17. Nxe4 Qxe3 18. fxe3 Nxb3 19. axb3 dxe4 20. Nd4 c5 21. Nc6 Bxb3 22. Rd6 h6 23. Ra5 c4 24. Kf2 Kh7 25. Kg3 Bc2 26. Kf4 Bd3 27. h4 Rac8 28. g4 Rc7 29. g5 Rb7 30. Ra2 h5 31. Rd8 Rxd8 32. Nxd8 Rd7 33. g6+ Kxg6 34. Rxa6+ Kh7 35. Rd6 Ra7 36. e6 fxe6 37. Nxe6 g6 38. Ke5 Ra5+ 39. Rd5 Rxd5+ 40. Kxd5 Kg8 41. Ng5 Kf8 42. Ke6 Kg7 43. Ke7 Bc2 44. Ne6+ Kh6 45. Kf6 Ba4 46. Ng5 Bc6 47. Nf7+ Kh7 48. Ne5 Be8 49. Nxc4 Kh6 50. Nd6 1-0

[Event "Tirnavia Reti Memorial-GM 2022"]
[Site "Trnava"]
[Date "2022.08.11"]
[Round "2.2"]
[White "Pechac, Jergus"]
[Black "Czebe, Attila"]
[Result "1-0"]
[ECO "A04"]
[WhiteElo "2594"]
[BlackElo "2385"]
[Annotator "RC"]
[PlyCount "49"]
[EventDate "2022.08.10"]
[EventType "tourn"]
[EventCountry "SVK"]
[SourceTitle "playchess.com"]
[Source "ChessBase"]
[SourceQuality "1"]
[TimeControl "40/5400+30:1800+30"]

1. Nf3 e6 2. g3 b5 3. e4 Bb7 4. Qe2 c5 5. Bg2 Be7 6. d4 Nf6 7. Nbd2 Nc6 8. e5 Nd5 9. dxc5 Bxc5 10. Ne4 Qb6 11. O-O O-O 12. c3 a5 13. Nfg5 f5 14. Qh5 h6 15. Qg6 hxg5 16. Nxg5 Rfe8 17. Bxd5 exd5 18. Qf7+ Kh8 19. Qxf5 Kg8 20. Bf4 Ne7 21. Qf7+ Kh8 22. e6 dxe6 23. Rae1 Nf5 24. Rxe6 Rxe6 25. Nxe6 1-0

[Event "Tirnavia Reti Memorial-GM 2022"]
[Site "Trnava"]
[Date "2022.08.11"]
[Round "2.4"]
[White "Finek, Vaclav"]
[Black "Jablonicky, Martin"]
[Result "0-1"]
[ECO "D73"]
[WhiteElo "2393"]
[BlackElo "2343"]
[Annotator "RC"]
[PlyCount "112"]
[EventDate "2022.08.10"]
[EventType "tourn"]
[EventCountry "SVK"]
[SourceTitle "playchess.com"]
[Source "ChessBase"]
[SourceQuality "1"]
[TimeControl "40/5400+30:1800+30"]

1. d4 Nf6 2. Nf3 g6 3. g3 Bg7 4. Bg2 c5 5. O-O O-O 6. c4 cxd4 7. Nxd4 d5 8. cxd5 Nxd5 9. Nb3 Nb4 10. Nc3 N8c6 11. Bf4 Bf5 12. Rc1 Bxc3 13. Rxc3 Nxa2 14. Re3 Qxd1 15. Rxd1 Nab4 16. h3 Rfd8 17. Rc1 Nd5 18. Bxd5 Rxd5 19. g4 Bc8 20. Kh2 f6 21. Nc5 Kf7 22. Bg3 Nd8 23. Rec3 Ne6 24. Nxe6 Bxe6 25. Rc7 b6 26. Rb7 Rd7 27. Rcc7 Rxc7 28. Rxc7 Ke8 29. e4 b5 30. e5 fxe5 31. Bxe5 a5 32. Bd4 Bd7 33. Ra7 Rxa7 34. Bxa7 Kf7 35. Kg3 e5 36. f4 Ke6 37. fxe5 Kxe5 38. Kf3 Kd5 39. Bb6 a4 40. Ke3 Kc4 41. Bd4 b4 42. Bg7 Kb3 43. Kd2 Ka2 44. Kc1 g5 45. Bf6 a3 46. b3 Kxb3 47. Kb1 Bc6 48. Bxg5 Be4+ 49. Ka1 Bg2 50. h4 Bf3 51. h5 Bxg4 52. h6 Ka4 53. Be7 b3 54. Bf6 b2+ 55. Bxb2 axb2+ 56. Kxb2 Kb4 0-1

[Event "Tirnavia Reti Memorial-GM 2022"]
[Site "Trnava"]
[Date "2022.08.11"]
[Round "2.5"]
[White "Stevik, Patrik"]
[Black "Sahidi, Samir"]
[Result "0-1"]
[ECO "D78"]
[WhiteElo "2126"]
[BlackElo "2462"]
[Annotator "TA"]
[PlyCount "136"]
[EventDate "2022.08.10"]
[EventType "tourn"]
[EventCountry "SVK"]
[SourceTitle "playchess.com"]
[Source "ChessBase"]
[SourceQuality "1"]
[TimeControl "40/5400+30:1800+30"]

1. d4 Nf6 2. c4 g6 3. Nf3 Bg7 4. g3 O-O 5. Bg2 d5 6. O-O dxc4 7. Na3 c6 {[%emt 0:05:54] Recently 7...c5 got a lot of attention.} 8. Nxc4 Be6 9. b3 Qc8 {[%emt 0:03:12] D78: Fianchetto Grünfeld: 6 0-0 c6.} 10. Ba3 Re8 11. Re1 {[%emt 0:02:59] [#]} Bh3 $146 {[%emt 0:01:23] White is slightly better.} ({Predecessor:} 11... Bd5 12. Rc1 Nbd7 13. Qc2 Be4 14. Qb2 Qd8 15. Ncd2 Nb6 16. Nxe4 Nxe4 17. Qc2 Nd6 {1-0 (46) Marsalek,Z (2220)-Kosnar,M (2235) Czech Republic 1997}) 12. Bh1 h6 13. e4 Nbd7 14. Qc2 Qc7 15. Rad1 Rac8 16. Nh4 ({Better is} 16. Qd2 $16) 16... Nf8 17. Qb1 Ng4 {[%emt 0:04:12] [#]} (17... Red8 $14) 18. d5 (18. e5 $1 $16) 18... cxd5 $11 19. exd5 Qd7 (19... b5 $11 {remains equal.} 20. Ne3 (20. d6 $2 exd6 21. Bxd6 Rxe1+ 22. Rxe1 Qd8 $19) 20... Bc3) 20. Ng2 (20. Bb2 $16) 20... b5 $132 {[%emt 0:02:32][%mdl 2048] Black is fighting back} 21. Na5 (21. Nd2 $11) 21... Bc3 $15 22. Nc6 Bxe1 23. Rxe1 e5 (23... Qxd5 $2 24. Nf4 Qf5 25. Nxe7+ (25. Nxh3 Qh5 $14) 25... Rxe7 26. Bxe7 $18) 24. Ne3 Nxe3 25. Rxe3 Bf5 26. Qf1 Qb7 ({Black should try} 26... e4 $1 $15) 27. Nxe5 Qa6 28. Bxf8 Kxf8 ({Much weaker is} 28... Rxf8 29. g4 f6 30. Nc6 Bxg4 31. Ne7+ Kf7 32. Nxc8 (32. Qb1 Bf5 $11) 32... Rxc8 33. Be4 $11) 29. Qa1 f6 30. Nc6 Kg7 (30... Kf7 $1 $15) 31. Ne7 $11 Rcd8 32. Nxf5+ (32. Qe1 $5 Bd7 33. h4 $15 (33. Qb1 f5 $17)) 32... gxf5 33. Rxe8 Rxe8 {[%emt 0:00:10][%mdl 4096] Endgame KQR-KQB} 34. Bf3 Qd6 35. Qd4 Re7 36. Qd3 Qd7 37. Kg2 b4 38. Qa6 Kg6 39. Qc4 a5 40. Qa6 Qd8 41. Qc6 h5 42. Qc4 Rh7 43. h4 Re7 44. Qf4 Re5 45. Qd2 Qd6 46. Qc2 Kg7 47. Qc4 Re7 48. Bxh5 f4 $1 49. gxf4 Kh6 (49... f5 $11) 50. Bf3 (50. Bg4 $1 $14) 50... Rg7+ 51. Kh2 Qb6 52. Qe2 Qd4 53. Qe3 Qxe3 54. fxe3 {[%emt 0:00:01] Hoping for e4. KR-KB} f5 55. Kh3 $2 (55. e4 $11 {and White is okay.} fxe4 56. Bxe4) 55... Re7 $19 56. Kg3 Rxe3 57. Kf2 Rc3 {[%emt 0:01:19][%mdl 1024] Black has strong compensation.} 58. Ke2 $2 (58. h5) 58... Kg7 {[%emt 0:00:44] Strongly threatening ...Kf6.} 59. h5 Kf6 {[%emt 0:01:12] ...Rc2+ is the strong threat.} 60. Kf2 $2 (60. h6 Rc2+ 61. Ke3) 60... Rc2+ 61. Ke3 Rxa2 {[%emt 0:01:41] Threatens to win with ...a4.} 62. Be2 Rc2 (62... Ra3 $142 63. Bc4 a4) 63. Bc4 $2 (63. h6 $19) 63... a4 64. Bd3 {[%emt 0:00:15] [#]} a3 $1 {[%emt 0:00:11] ( -> ...Rc3)} 65. d6 (65. Bxc2 a2) 65... Rc6 {[%emt 0:00:53] Black mates.} 66. h6 a2 67. d7 Rd6 68. h7 Kg7 {[%emt 0:00:06] Weighted Error Value: White=0.39/Black=0.11 (very precise)} 0-1

[Event "Tirnavia Reti Memorial-GM 2022"]
[Site "Trnava"]
[Date "2022.08.12"]
[Round "3.1"]
[White "Sahidi, Samir"]
[Black "Malinovsky, Karel"]
[Result "0-1"]
[ECO "D37"]
[WhiteElo "2462"]
[BlackElo "2463"]
[Annotator "TA"]
[PlyCount "152"]
[EventDate "2022.08.10"]
[EventType "tourn"]
[EventCountry "SVK"]
[SourceTitle "playchess.com"]
[Source "ChessBase"]
[SourceQuality "1"]
[TimeControl "40/5400+30:1800+30"]

1. d4 d5 2. c4 e6 3. Nc3 Be7 4. Bf4 Nf6 5. e3 O-O 6. Nf3 b6 7. cxd5 Nxd5 8. Nxd5 {[%emt 0:01:39] D37: Queen's Gambit Declined: 5 Bf4.} Qxd5 9. Bxc7 Bb4+ 10. Nd2 {[%emt 0:00:08] The position is equal.} Nc6 11. a3 Bxd2+ 12. Qxd2 Na5 {[%emt 0:01:52] [#]} 13. Qc3 $146 ({Predecessor:} 13. Rd1 Bb7 14. Bg3 Rfc8 15. f3 Qb3 16. Bd3 Nc4 17. Bxc4 Rxc4 18. O-O Rc2 19. Qb4 Qxb4 20. axb4 Rxb2 {1-0 (25) Sarana,A (2649)-Bocharov,D (2517) Sochi 2021}) 13... Bb7 14. b4 $1 Nb3 15. Rb1 Rac8 16. Qxb3 ({But not} 16. Rxb3 Qd7 17. Qb2 Rxc7 $15) (16. f3 {is more complex.} Qd8 17. Bxd8 Rxc3 18. Bg5) 16... Qxb3 17. Rxb3 Rxc7 18. Kd2 {[%emt 0:01:29] Inhibits Rc1.} Rfc8 {[%emt 0:01:05] And now ...Rc2+ would win.} 19. Bd3 {[%emt 0:00:08] Against Rc2+} Bxg2 20. Rg1 Bb7 21. a4 Kf8 22. a5 g6 23. Ra1 Ke7 24. axb6 axb6 25. Ra7 Kd6 26. e4 e5 27. d5 f5 28. f3 fxe4 29. fxe4 Rf8 30. Ke3 {[%emt 0:01:50] Prevents Rf2.} Bxd5 31. Rxc7 Bxb3 32. Rxh7 $11 {[%emt 0:00:50][%mdl 4096] Endgame KRB-KRB} Be6 33. Bb5 Rf7 34. Rh6 Ke7 35. Bc6 Rg7 36. Bd5 Bd7 37. Rh8 g5 38. Rh6 b5 39. Bc6 g4 40. Bxd7 Kxd7 {[%emt 0:00:06] KR-KR} 41. Rb6 {[%emt 0:30:21] Threatening mate with Rb7+.} Rf7 42. Rxb5 {[%emt 0:00:00] Intending Rb7+ and mate.} Rf3+ 43. Ke2 Ke6 44. Rb6+ Kf7 45. Rb7+ Kf6 46. Rb8 {[%emt 0:00:00] White threatens Rf8+ and mate.} Rb3 47. Kd2 Kg5 48. b5 Kf4 49. b6 Kxe4 50. b7 Rd3+ 51. Ke2 {[%emt 0:00:37] Re8 would kill now.} Rd7 (51... Rb3 52. Kf2) 52. Kf2 Rf7+ 53. Kg3 Rg7 54. Kh4 Ke3 $1 55. Kg3 e4 56. Kg2 Rd7 57. Kg3 Rg7 58. Kh4 Ke2 59. Kh5 e3 60. Kh6 Rd7 {[%emt 0:00:09] Hoping for ...Kd2.} 61. Kg5 Kd2 {[%emt 0:00:31] Strongly threatening ...e2.} 62. Kxg4 e2 63. Re8 Rxb7 64. Rd8+ Ke3 65. Re8+ Kf2 {[%emt 0:00:06] ( -> ...Rb4+)} 66. Rf8+ $2 (66. h4 $11) 66... Kg2 {[%emt 0:00:19] Black mates.} 67. Re8 Rb4+ 68. Kg5 Kf3 69. Rxe2 Kxe2 {[%emt 0:00:06] KR-KP} 70. h4 Kf3 $1 71. h5 Rb5+ 72. Kg6 Kg4 73. h6 Rb6+ 74. Kg7 Kg5 75. h7 {[%emt 0:00:09] [#]} Rb7+ $1 76. Kg8 {[%emt 0:00:08] [#]} Kg6 $1 {[%emt 0:00:15] Weighted Error Value: White=0.01 (flawless) /Black=0.01 (flawless)} 0-1

[Event "Tirnavia Reti Memorial-GM 2022"]
[Site "Trnava"]
[Date "2022.08.12"]
[Round "3.2"]
[White "Jablonicky, Martin"]
[Black "Stevik, Patrik"]
[Result "0-1"]
[ECO "B06"]
[WhiteElo "2343"]
[BlackElo "2126"]
[Annotator "TA"]
[PlyCount "62"]
[EventDate "2022.08.10"]
[EventType "tourn"]
[EventCountry "SVK"]
[SourceTitle "playchess.com"]
[Source "ChessBase"]
[SourceQuality "1"]
[TimeControl "40/5400+30:1800+30"]

1. e4 g6 2. d4 Bg7 3. Nc3 d6 4. Be3 a6 5. Qd2 b5 6. f3 Nd7 7. h4 h5 8. Nh3 Bb7 9. Ng5 Ngf6 10. O-O-O O-O {[%emt 0:02:41] B06: Modern Defence.} 11. a3 (11. g4 $5) 11... c5 {[%emt 0:03:17] [#]} 12. Rg1 $146 ({Predecessor:} 12. Be2 Rc8 13. g4 b4 14. Nb1 cxd4 15. Bxd4 b3 16. c3 Qa5 17. gxh5 Nxh5 18. Bxg7 Kxg7 {0-1 (29) Dahl,T (2169)-Chatalbashev,B (2546) Ballerup 2017}) 12... Qc7 {[%emt 0:04:53] Black is slightly better.} 13. g4 b4 14. Nb1 hxg4 {[%emt 0:18:44] And now ...cxd4 would win.} 15. h5 Nxh5 16. axb4 cxd4 17. Bxd4 Bxd4 18. Qxd4 Rac8 {[%emt 0:00:30][%csl Gc8][%cal Rc7c2] Dancing on a razor blade.} 19. Nc3 g3 20. Bh3 {[%emt 0:03:42] [#]} a5 $1 {[%emt 0:03:27] White must now prevent ...axb4.} 21. bxa5 (21. b5 $1 $15) 21... Ra8 22. Bxd7 {[%emt 0:04:38] White does not recover from this.} (22. b4 $17) 22... Qxd7 $19 23. b4 Rac8 24. Rh1 e5 (24... f6 25. Nh3 $17) 25. Qe3 (25. Qd2 $142 Rc4 26. Rxh5 gxh5 27. Rg1) 25... Nf4 {[%emt 0:06:27][%cal Oc8c3] Hoping for ...Rxc3!} 26. Kb2 (26. Nh7 $142 Qe7 27. Rd2 (27. Nxf8 $2 Rxc3 28. Nxg6 fxg6 $19)) 26... Rc4 27. Qb6 (27. Nh7 Qc7 28. Nxf8 (28. Nf6+ $2 Kg7 $19) 28... Rxb4+ 29. Ka1 Qxa5+ 30. Na2) 27... Rc6 {[%emt 0:01:51] Black is clearly winning.} ({Inferior is} 27... Qc8 28. Qxd6 Rxc3 29. Nh7 (29. Qxe5 $2 Rxc2+ 30. Kb1 Rh2 $19) 29... Rxc2+ 30. Kb1 $11) 28. Qb5 Qc7 29. Rxd6 Qxd6 30. Qxb7 {[%emt 0:00:14] [#]} Rxc3 $1 31. Kxc3 g2 {[%emt 0:00:40] Weighted Error Value: White=1.08/Black=0.15 (very precise)} 0-1

[Event "Tirnavia Reti Memorial-GM 2022"]
[Site "Trnava"]
[Date "2022.08.12"]
[Round "3.3"]
[White "Velicka, Petr"]
[Black "Finek, Vaclav"]
[Result "1/2-1/2"]
[ECO "B38"]
[WhiteElo "2384"]
[BlackElo "2393"]
[Annotator "TA"]
[PlyCount "94"]
[EventDate "2022.08.10"]
[EventType "tourn"]
[EventCountry "SVK"]
[SourceTitle "playchess.com"]
[Source "ChessBase"]
[SourceQuality "1"]
[TimeControl "40/5400+30:1800+30"]

1. e4 c5 2. Nf3 g6 3. c4 Bg7 4. d4 cxd4 5. Nxd4 Nc6 6. Be3 Nf6 7. Nc3 d6 8. Be2 O-O 9. O-O Bd7 10. Kh1 Nxd4 11. Bxd4 Bc6 {[%emt 0:00:05] B38: Sicilian: Maroczy Bind with 5...Bg7 and 7...0-0.} 12. Qd3 a5 13. b3 Nd7 14. Bxg7 Kxg7 15. f4 {[%emt 0:00:16] [#]} (15. Qd2 {is more complex.} Nc5 16. f3 Qb6 17. Rab1) 15... f6 $146 ({Predecessor:} 15... Qb6 16. Rab1 Qc5 17. Bg4 Nf6 18. Bh3 e5 19. Nd5 Bxd5 20. exd5 Rae8 21. Rbe1 exf4 {0-1 (32) Horvath,D (2417)-Gallego Alcaraz,A (2502) Caleta 2019}) 16. Rad1 Qb6 17. Bg4 Nc5 18. Qe3 a4 19. Rb1 axb3 20. axb3 Ra3 21. Bd1 {[%emt 0:13:42] [#]} Qb4 (21... Na4 $1 $15 {feels stronger.} 22. Qxb6 Nxb6) 22. Bc2 (22. f5 $11 {keeps the balance.}) 22... e5 (22... Nxb3 $17 23. Nd5 Bxd5 24. exd5 Qd2 25. Qxe7+ Rf7 26. Qxd6 Ra6 27. Qxa6 bxa6 28. Bxb3 Rb7) 23. fxe5 dxe5 24. Ra1 (24. Nd5 $11 Bxd5 25. cxd5) 24... Ne6 {[%emt 0:07:46] And now ...Nd4 would win.} (24... Nxb3 $2 25. Rxa3 Qxa3 26. Nb5 $18 (26. Nb1 Qb2 $16)) 25. Rxa3 Qxa3 26. Nd5 Nd4 27. Qc3 Bxd5 28. exd5 {[%emt 0:05:51] [#]} Ra8 $1 29. Bd1 b6 30. Qh3 Qd6 {[%emt 0:00:41] Inhibits Qd7+.} 31. Qc3 Ra7 32. b4 Rc7 ({Black should try} 32... b5 {Hoping for ...bxc4.} 33. Bb3 bxc4 34. Bxc4 Rc7) 33. Bf3 $17 Nxf3 34. Rxf3 {[%emt 0:00:12][%mdl 4096] Endgame KQR-KQR} b5 35. c5 Qxd5 36. Rd3 {[%emt 0:00:11] Inhibits Qd1+.} Qe4 37. h3 h5 ({Better is} 37... Qf5 $15) 38. Rd6 $11 {[%emt 0:04:16] The position is equal.} Ra7 39. Qd2 $1 {[%emt 0:04:32] Black must now prevent c6.} Ra1+ 40. Kh2 g5 {[%emt 0:01:20] ...Qb1 is the strong threat.} 41. Rxf6 $1 {[%emt 0:05:36][%mdl 64] Decoy} Kxf6 42. Qd8+ Kf5 43. Qf8+ Ke6 44. Qd6+ Kf7 45. Qd7+ Kf6 46. Qd8+ Kf7 {[%emt 0:00:31] ( -> ...Qf4+)} 47. Qd7+ Kf6 {[%emt 0:00:21] Weighted Error Value: White=0.14 (very precise) /Black=0.12 (very precise)} 1/2-1/2

[Event "Tirnavia Reti Memorial-GM 2022"]
[Site "Trnava"]
[Date "2022.08.12"]
[Round "3.4"]
[White "Czebe, Attila"]
[Black "Pacher, Milan"]
[Result "1/2-1/2"]
[WhiteElo "2385"]
[BlackElo "2399"]
[Annotator "TA"]
[PlyCount "38"]
[EventDate "2022.08.10"]
[EventType "tourn"]
[EventCountry "SVK"]
[SourceTitle "playchess.com"]
[Source "ChessBase"]
[SourceQuality "1"]
[TimeControl "40/5400+30:1800+30"]

1. Nf3 d5 2. g3 c6 3. Bg2 Bg4 4. O-O Nd7 5. d3 e5 6. Nbd2 Ngf6 7. e4 dxe4 8. dxe4 Bc5 9. h3 Bh5 10. Qe1 {[%emt 0:00:06] [#]} {Predecessor:} O-O $146 {A07: Réti Opening: New York and Capablanca Systems.} 11. a4 Qc7 12. Nc4 Rfe8 13. b4 Bf8 14. Bb2 b5 15. axb5 cxb5 16. Ne3 Bg6 17. Ra5 a6 18. Qa1 Bxe4 19. Rxa6 Bxb4 {0-1 (28) Navara,D (2719)-Giri,A (2764) chess24.com INT 2020} 1/2-1/2

[Event "Tirnavia Reti Memorial-GM 2022"]
[Site "Trnava"]
[Date "2022.08.12"]
[Round "3.5"]
[White "Farkas, Gabor"]
[Black "Pechac, Jergus"]
[Result "0-1"]
[ECO "D77"]
[WhiteElo "2335"]
[BlackElo "2594"]
[Annotator "TA"]
[PlyCount "100"]
[EventDate "2022.08.10"]
[EventType "tourn"]
[EventCountry "SVK"]
[SourceTitle "playchess.com"]
[Source "ChessBase"]
[SourceQuality "1"]
[TimeControl "40/5400+30:1800+30"]

1. d4 Nf6 2. Nf3 g6 3. g3 d5 4. Bg2 Bg7 5. O-O O-O 6. c4 dxc4 7. Na3 a5 {[%emt 0:00:42] 7...c5 is setting a new trend.} 8. Nxc4 {[%emt 0:01:07] 8.Ne5 is not played anymore. D77: Fianchetto Grünfeld: 6 0-0: Replies other than 6...c6.} a4 $5 {[%emt 0:00:00][%mdl 4] Leaves trodden paths.} 9. Bf4 Be6 {[%emt 0:03:03] [#]} 10. Ne3 $146 {[%emt 0:11:02] The position is equal.} ({Predecessor:} 10. Nfe5 Bd5 11. f3 Bxc4 12. Nxc4 Nd5 13. Bc1 Nc6 14. e3 b5 15. Na3 b4 16. Nc4 {0-1 (31) Mikhalevski,V (2562)-Oparin,G (2681) Warsaw 2021}) 10... Nc6 11. Ne5 (11. Re1 $11 {keeps the balance.}) 11... Nxd4 $17 12. Bxb7 Ra7 (12... Rb8 $17 13. Nc6 Nxc6 14. Bxc6 Qxd1 15. Nxd1 Nh5 16. Bxa4 Nxf4 17. gxf4 Rb4) 13. Nc6 Nxc6 14. Bxc6 Nh5 15. Qc2 (15. Bg5 $17) 15... Nxf4 $19 16. gxf4 Qd4 17. f5 gxf5 18. Nxf5 Qg4+ ({Stronger than} 18... Qxb2 19. Rac1 $17) 19. Ng3 a3 20. bxa3 Bxa1 ({Inferior is} 20... Rxa3 21. Bf3 Qa4 22. Rac1 $17) 21. Rxa1 Rxa3 22. Qc5 Qg7 23. Rc1 Rxa2 24. Qxe7 Rxe2 25. Bf3 Ra2 {[%emt 0:02:40] ...Ra1 is the strong threat.} 26. Qxc7 Qd4 27. Qc5 Qxc5 28. Rxc5 Bh3 29. Bg2 Ra1+ 30. Nf1 Be6 31. Rc2 (31. Bf3) 31... Rc8 32. Rxc8+ Bxc8 {[%emt 0:00:05][%mdl 4096] Endgame KRB-KBN} 33. f3 f5 {[%emt 0:02:08][%cal Bf7f5,Bf5f4][%mdl 32] [#] White must now prevent ...f4.} 34. Bh3 (34. f4 $142 Ra4 35. Ne3) 34... Ba6 {[%emt 0:00:16] ( -> ...Bxf1)} 35. Kf2 Bxf1 36. Bxf1 {[%emt 0:00:08] KR-KB} f4 {[%emt 0:00:11] Black mates.} 37. Kg2 Kg7 38. Bd3 h6 39. Kh3 Rg1 40. Kh4 Rg5 41. Be4 Kf6 42. Bd3 Ke5 43. Be4 Kd4 44. Bb7 Ke3 45. Be4 Kf2 46. Kh3 Rg2 47. Bd5 Kg1 48. Be6 h5 49. Kh4 Kxh2 50. Kxh5 Kg3 {[%emt 0:00:08] Weighted Error Value: White=0.35/Black=0.03 (flawless)} 0-1

[Event "Tirnavia Reti Memorial-GM 2022"]
[Site "Trnava"]
[Date "2022.08.12"]
[Round "3.6"]
[White "Straka, Jozef"]
[Black "Papp, Levente"]
[Result "1/2-1/2"]
[ECO "D46"]
[WhiteElo "2300"]
[BlackElo "2394"]
[Annotator "TA"]
[PlyCount "38"]
[EventDate "2022.08.10"]
[EventType "tourn"]
[EventCountry "SVK"]
[SourceTitle "playchess.com"]
[Source "ChessBase"]
[SourceQuality "1"]
[TimeControl "40/5400+30:1800+30"]

1. d4 d5 2. c4 c6 3. Nf3 Nf6 4. e3 e6 5. Nbd2 Nbd7 6. Bd3 Be7 7. O-O O-O 8. e4 dxe4 9. Nxe4 c5 10. Nxc5 Nxc5 11. dxc5 Qc7 {[%emt 0:00:45] was the old line (11...Bxc5).} 12. Qc2 Qxc5 13. Re1 {[%emt 0:06:15] [#] D46: Semi-Slav: 5 e3 Nbd7 6 Bd3, Black avoids the Meran.} b6 $146 ({Predecessor:} 13... h6 14. Re5 Qc7 15. Bxh6 gxh6 16. Qd2 Ng4 17. Rh5 Rd8 18. h3 Bg5 19. Nxg5 Qh2+ 20. Kf1 Qh1+ {1-0 (54) Vitak,P (2181)-Vojta,P (2194) Czech Republic 2006}) 14. Be3 (14. Bd2 {with more complications.} Bb7 15. Ne5 h6 16. Bc3) 14... Qc7 15. Bd4 h6 16. Be5 Qc5 17. Bd4 Qc7 18. Be5 Qc5 19. Bd4 Qc7 $1 {[%emt 0:00:06] An uneventful encounter.  Weighted Error Value: White=0.12 (very precise) /Black=0.05 (flawless)} 1/2-1/2